 Dungeon Crawl Stone Soup version 0.20-a0-434-g93bceec (webtiles) character file.

193 Jmtri7 the Skirmisher (level 5, 0/46 HPs)
             Began as a Demonspawn Gladiator on Jan 4, 2017.
             Slain by a gnoll
             ... wielding a +0 whip
              (7 damage)
             ... on level 3 of the Dungeon.
             The game lasted 00:06:46 (2618 turns).

Jmtri7 the Skirmisher (Demonspawn Gladiator)        Turns: 2618, Time: 00:06:46

Health: 0/46       AC:  7    Str: 14    XL:     5   Next: 43%
Magic:  5/5        EV: 12    Int: 10    God:
Gold:   93         SH:  3    Dex: 15    Spells: 4/4 levels left

rFire  . . .     SeeInvis .     a - +0 long sword
rCold  . . .     Gourm    .     b - +0 leather armour
rNeg   . . .     Faith    .     r - +0 buckler
rPois  .         Spirit   .     c - +0 helmet
rElec  .         Reflect  .     (no cloak)
rCorr  .         Harm     .     i - +0 pair of gloves
MR     .....                    (no boots)
Stlth  +.........               (no amulet)
                                (no ring)
                                h - ring of wizardry

@: no status effects
A: iridescent scales 1, rot immunity
a: no special abilities


You were on level 3 of the Dungeon.
You were not hungry.

You visited 1 branch of the dungeon, and saw 3 of its levels.

You collected 93 gold pieces.

Inventory:

Hand Weapons
 a - a +0 long sword (weapon)
Missiles
 d - 3 throwing nets (quivered)
Armour
 b - a +0 leather armour (worn)
 c - a +0 helmet (worn)
 i - a +0 pair of gloves (worn)
 r - a +0 buckler (worn)
Jewellery
 h - a ring of wizardry (left hand)
Scrolls
 e - a scroll of enchant armour {unknown}
 g - a scroll of fog {unknown}
 l - a scroll of fear {unknown}
 n - 2 scrolls of noise {unknown}
 q - 2 scrolls of random uselessness {unknown}
 u - a scroll of teleportation {unknown}
Potions
 j - a potion of invisibility
 k - 2 potions of brilliance {unknown}
 p - 2 potions of cancellation {unknown}
 t - a potion of ambrosia {unknown}
 v - a potion of degeneration {unknown}
Comestibles
 f - a bread ration
 m - 3 beef jerkies
 o - 3 meat rations
 s - 5 chunks of flesh


   Skills:
 + Level 5.7 Fighting
 - Level 2.6 Long Blades
 - Level 1.7 Throwing
 - Level 2.6 Dodging


You had 4 spell levels left.
You didn't know any spells.

Dungeon Overview and Level Annotations

Branches:
Dungeon (3/15)

Altars:
Elyvilon
Qazlal
Yredelemnul


Innate Abilities, Weirdness & Mutations

You are partially covered in iridescent scales. (AC +2)
You are immune to rotting.


Message History

You slash the gnoll shaman!
You kill the gnoll shaman!
The gnoll closely misses you. x2
Your shield and leather armour prevent you from hitting the gnoll.
The gnoll hits you with a whip.
* * * LOW HITPOINT WARNING * * *
The gnoll hits you with a whip.
* * * LOW HITPOINT WARNING * * *
You closely miss the gnoll. The gnoll closely misses you.
The gnoll hits you with a whip.
* * * LOW HITPOINT WARNING * * *
You barely miss the gnoll. The gnoll barely misses you.
You riposte.
You hit the gnoll but do no damage. You slash the gnoll!
The gnoll is heavily wounded.
The gnoll completely misses you. You block the gnoll's attack.
You slash the gnoll!
The gnoll is almost dead.
The gnoll closely misses you. The gnoll hits you with a whip!
You die...

.....##........#
#......####### ##.....#
##.....# #......#
.....##)## ######
#..###..# #....#######
.####..g#####..........#
.......)@......###'###)##
#####...##.###.# #.# #...
...........###.###.###.##
#####...#....รท.'.._..'.##
#####.###..#######... #.#
##.# ### #..# #.#
#.#######... #.#
#........... #.#
###.##.##.##


You could see a gnoll.

Vanquished Creatures
  A gnoll shaman (D:3)
  6 gnolls
  3 adders (D:2)
  2 oozes
  2 worms
  A dart slug (D:1)
  2 leopard geckos (D:3)
  An orc (D:3)
  14 giant cockroaches
  3 hobgoblins
  4 jackals (D:3)
  7 kobolds
  A quokka (D:2)
  2 bats (D:2)
  3 frilled lizards
  5 goblins
  6 rats
63 creatures vanquished.

Notes
Turn   | Place    | Note
-------+----------+-------------------------------------------
     0 | D:1      | Jmtri7 the Demonspawn Gladiator began the quest for the Orb.
     0 | D:1      | Reached XP level 1. HP: 16/16 MP: 1/1
   373 | D:1      | Gained mutation: You are partially covered in iridescent scales. (AC +2) [demonic ancestry]
   373 | D:1      | Reached XP level 2. HP: 17/23 MP: 2/2
   852 | D:1      | Reached skill level 3 in Fighting
  1071 | D:2      | Reached XP level 3. HP: 14/30 MP: 3/3
  1081 | D:2      | Reached skill level 4 in Fighting
  1534 | D:2      | Reached XP level 4. HP: 32/37 MP: 4/4
  1905 | D:2      | Found a stormy altar of Qazlal.
  1905 | D:2      | Found a white marble altar of Elyvilon.
  1976 | D:2      | Reached skill level 5 in Fighting
  2369 | D:3      | Found a basalt altar of Yredelemnul.
  2474 | D:3      | Gained mutation: You are immune to rotting. [demonic ancestry]
  2474 | D:3      | Reached XP level 5. HP: 44/44 MP: 5/5
  2618 | D:3      | Slain by a gnoll

Vault maps used:
D:1:      evilmike_arrival_run_for_it
D:2:      minmay_roachtagon, minitemple, minmay_pentomino_p2
D:3:      lemuel_doored_altar, minmay_misc_feat_tiny, minmay_misc_feat_iff,
          patterned_corridor

Skill      XL: |  1  2  3  4 |
---------------+-------------+-----
Fighting       | 3 4 5 |  5.7
Long Blades    | |  2.6
Throwing       | |  1.7
Dodging        | |  2.6

Action                   |  1- 3 |  4- 6 || total
-------------------------+-------+-------++-------
Melee: Long sword        |    85 |   139 ||   224
  Use: Scroll            |     2 |       ||     2
 Stab: Sleeping          |     1 |     1 ||     2
  Eat: Chunk             |     2 |     4 ||     6
Armor: Leather armour    |    27 |    58 ||    85
Dodge: Dodged            |    48 |   112 ||   160
Block: Buckler           |       |    19 ||    19
       Rpst.: Long sword |    18 |    33 ||    51
